 Dungeon Crawl Stone Soup version 0.32-a0-996-gb3226c233f (webtiles) character file.

Game seed: 8686486622438153076

104 GiantSquids the Ruffian (level 4, 0/31 HPs)
             Began as an Octopode Cinder Acolyte on Apr 24, 2024.
             Was a High Priest of Ignis.
             Slain by a sky beast (6 damage)
             ... on level 3 of the Dungeon.
             The game lasted 00:03:03 (1539 turns).

GiantSquids the Ruffian (Octopode Cinder Acolyte)   Turns: 1539, Time: 00:03:04

Health: 0/31       AC:  1    Str: 15    XL:     4   Next: 80%
Magic:  5/5        EV: 11    Int: 16    God:    Ignis [*****.]
Gold:   80         SH:  0    Dex:  7    Spells: 5/5 levels left

rFire   + . .        k - +2 dagger (venom)
rCold   . . .        (no shield)
rNeg    + . .        (helmet restricted)
rPois   .            (no amulet)
rElec   .            e - ring of positive energy
rCorr   .            (no ring)
SInv    .            (no ring)
Will    .....        (no ring)
Stlth   +++          (no ring)
HPRegen 0.25/turn    (no ring)
MPRegen 0.09/turn    (no ring)
                     (no ring)

%: no passive effects
@: no status effects
A: almost no armour, amphibious, 8 rings, camouflage 1, gelatinous body 1,
(nimble swimmer 1), tentacles
a: Renounce Religion, Fiery Armour, Foxfire Swarm, Rising Flame


You were on level 3 of the Dungeon.
You worshipped Ignis.
Ignis was extremely pleased with you.
You visited 1 branch of the dungeon, and saw 3 of its levels.

You collected 80 gold pieces.

Inventory:

Hand Weapons
 k - a +2 dagger of venom (weapon)
Jewellery
 e - a ring of positive energy (left tentacle)
Scrolls
 a - a scroll of noise {unknown}
 b - a scroll of vulnerability {unknown}
 c - a scroll of brand weapon {unknown}
 f - 2 scrolls of identify {unknown}
 h - a scroll of summoning {unknown}
 i - a scroll of fear {unknown}
 j - a scroll of immolation {unknown}
 l - 3 scrolls of enchant armour {unknown}
 m - a scroll of silence {unknown}
Potions
 d - 2 potions of mutation {unknown}
 g - a potion of curing {unknown}


   Skills:
 - Level 3.0 Fighting
 + Level 3.3 Stealth
 * Level 4.7 Unarmed Combat
 - Level 1.0 Spellcasting
 - Level 3.0 Fire Magic


You had 5 spell levels left.
You didn't know any spells.
Your spell library contained the following spells:

 Spells                   Type           Power      Damage    Failure   Level
 Scorch                   Fire           20%        2d5       10%         2


Dungeon Overview and Level Annotations

Branches:
Dungeon (3/15)

Altars:
Makhleb
Qazlal


Innate Abilities, Weirdness & Mutations

You cannot wear most types of armour.
You are amphibious.
You can wear up to eight rings at the same time.
Your skin changes colour to match your surroundings (Stealth+).
Your rubbery body absorbs attacks. (AC +1, EV +1)
((You are camouflaged when in or above water. (Stealth+)))
You have tentacles for arms and can constrict up to eight enemies at once.


Message History

The bombardier beetle is moderately wounded.
You constrict the bombardier beetle. The bombardier beetle bites you.
You hit the bombardier beetle but do no damage.
You squeeze the bombardier beetle.
The bombardier beetle is almost dead.
You constrict the bombardier beetle.
You kill the bombardier beetle!
Your Stealth skill increases to level 3!
The goblin barely misses you.
You hit the goblin.
The goblin is poisoned.
You grab the goblin. You squeeze the goblin.
You kill the goblin!
No target in view!
You now have 80 gold pieces (gained 5).
A sky beast comes into view.
Found a stormy altar of Qazlal.
A sky beast is nearby!
A bat comes into view.
Found a chain mail.
Found an escape hatch in the floor.
Found a pair of gloves.
You closely miss the sky beast. The sky beast hits you.
The sky beast shocks you.
You hit the sky beast but do no damage.
The sky beast is poisoned.
The sky beast hits you. The sky beast shocks you.
You hit the sky beast.
The sky beast looks as sick as possible!
Your squeeze misses the sky beast.
The sky beast is lightly wounded.
The sky beast hits you. The sky beast shocks you.
* * * LOW HITPOINT WARNING * * *
You hit the sky beast.
The sky beast looks as sick as possible!
The sky beast is moderately wounded.
The sky beast flickers out of sight!
Deactivating autopickup; reactivate with Ctrl-A.
Something hits you.
* * * LOW HITPOINT WARNING * * *
Something shocks you.
You die...
Ignis goes out, and joins you in death.

##.> # #..# ##.# #...
..... ##.. #.#... .....
#...#...#b.
#...######..#.....#.
#...#.......@{._....
#...#.#####.#.....#.
#...#.# #....#...#..
#...#.# #.#...#.#...
.####...#.###.#........[
..............#..#....[.
######.##.#####..#####.#
##........# #..# ..
##.###.#### ...#


You could see a bat (asleep).

Vanquished Creatures
  A bombardier beetle (D:3)
  2 dart slugs (D:1)
  3 ribbon worms (D:2)
  6 ball pythons
  4 bats
  4 endoplasms
  A giant cockroach (D:1)
  4 goblins
  2 hobgoblins (D:1)
  6 jackals
  4 quokkas
  A frilled lizard (D:1)
  7 kobolds
  5 rats
50 creatures vanquished.

Notes
Turn   | Place    | Note
-------+----------+-------------------------------------------
     0 | D:1      | GiantSquids the Octopode Cinder Acolyte began the quest for
                  | the Orb.
     0 | D:1      | Reached XP level 1. HP: 16/16 MP: 2/2
   172 | D:1      | Reached skill level 1 in Stealth
   172 | D:1      | Reached XP level 2. HP: 3/21 MP: 3/3
   496 | D:1      | Reached XP level 3. HP: 20/26 MP: 4/4
   921 | D:2      | Reached skill level 4 in Unarmed Combat
  1250 | D:2      | Reached XP level 4. HP: 26/31 MP: 5/5
  1419 | D:3      | Found a burning altar of Makhleb.
  1532 | D:3      | Found a stormy altar of Qazlal.
  1532 | D:3      | Noticed a sky beast
  1539 | D:3      | Slain by a sky beast

Illustrated notes

Levels and vault maps discovered:
D:1:      spicycebolla_green_bress_n_ham_2, layout_loops_cross,
          due_unseen_surprise
D:2:      layout_rooms
D:3:      layout_basic, amcnicky_altar_gilded, mainiacjoe_overflow_chevrons,
          nicolae_qazlal_beasts_of_the_sky, chequers_ecumenical_altar_simple

Skill      XL: |  1  2  3  4 |
---------------+-------------+-----
Stealth        | 1 2 3 |  3.3
Unarmed Combat | 4 |  4.7
Fighting       | |  3.0
Spellcasting   | |  1.0
Fire Magic     | |  3.0

Action                     |  1- 3 |  4- 6 || total
---------------------------+-------+-------++-------
  Melee: Unarmed           |    89 |     3 ||    92
         Constrict         |    18 |     5 ||    23
         Tentacles         |    10 |     4 ||    14
         Punch             |     2 |       ||     2
         Dagger            |       |    16 ||    16
   Stab: Sleeping          |     6 |     1 ||     7
 Armour: Skin              |    57 |    17 ||    74
  Dodge: Dodged            |    56 |     7 ||    63

Table legend: (Time is in decaauts)
 A = Elapsed time spent in this place.
 B = Non-inter-level travel time spent in this place.
 C = Inter-level travel time spent in this place.
 D = Time resting spent in this place.
 E = Time spent auto-exploring this place.
 F = Levels seen in this place.
 G = Mean time per level.
                   A        B        C        D        E       F      G
               +--------+--------+--------+--------+--------+-----+--------+
         Total |   1531 |   1504 |     27 |      0 |   1168 |   3 |  510.3 |
       Dungeon |   1531 |   1504 |     27 |      0 |   1168 |   3 |  510.3 |
               +--------+--------+--------+--------+--------+-----+--------+

Top non-repeatable levels by time:
     D:1: 824 daAuts
     D:2: 555 daAuts
     D:3: 150 daAuts
